 Dungeon Crawl Stone Soup version 0.16-b1 (webtiles) character file.

1318 abixa the Cleaver (level 8, -4/64 HPs)
             Began as a Hill Orc Berserker on Mar 6, 2015.
             Was a High Priest of Trog.
             Killed from afar by an orc wizard (10 damage)
             ... with a puff of frost
             ... on level 6 of the Dungeon.
             The game lasted 00:27:17 (5573 turns).

abixa the Cleaver (Hill Orc Berserker)              Turns: 5573, Time: 00:27:17

Health: -4/64      AC:  6    Str: 20    XL:     8   Next: 59%
Magic:  8/8        EV: 11    Int:  7    God:    Trog [*****.]
Gold:   363        SH:  0    Dex: 12    Spells: 0 memorised, 7 levels left

rFire  . . .     SeeInvis .     a - +0 hand axe
rCold  . . .     Clarity  .     C - +0 leather armour (curse)
rNeg   . . .     SustAb   +     (no shield)
rPois  .         Gourm    .     H - +2 hat (curse)
rElec  .         Spirit   .     (no cloak)
rCorr  .         Warding  .     (no gloves)
rMut   .         Stasis   .     f - +0 pair of boots
MR     .....                    B - amulet of rage
Stlth  +.........               (no ring)
                                k - ring of sustain abilities

@: not resistant to hostile enchantments, very unstealthy
A: no striking features
a: Burn Spellbooks, Berserk, Trog's Hand, Brothers in Arms, Renounce Religion,
Evoke Berserk Rage


You were on level 6 of the Dungeon.
You worshipped Trog.
Trog was extremely pleased with you.
You were hungry.

You visited 1 branch of the dungeon, and saw 6 of its levels.

You collected 363 gold pieces.

Inventory:

Hand weapons
 a - a +0 hand axe (weapon)
 e - a +0 spear
Missiles
 j - 198 stones
 n - 7 tomahawks (quivered)
 s - 37 sling bullets
 y - 27 poisoned needles
 A - 30 arrows
 E - 6 needles of paralysis
Armour
 f - a +0 pair of boots (worn)
 v - a +0 chain mail
 C - a cursed +0 leather armour (worn)
 H - a cursed +2 hat (worn)
Jewellery
 k - a ring of sustain abilities (left hand)
 B - an amulet of rage (around neck)
Magical devices
 F - a wand of slowing (16)
 L - a wand of heal wounds (4)
Scrolls
 b - 2 scrolls of recharging {unknown}
 d - 2 scrolls of amnesia {unknown}
 g - a scroll of enchant weapon {unknown}
 m - 5 scrolls of remove curse
 p - a scroll of fear {unknown}
 r - 3 scrolls of teleportation
 w - a scroll of immolation {unknown}
 D - 2 scrolls of random uselessness {unknown}
 I - 2 scrolls of magic mapping {unknown}
Potions
 h - a potion of haste {unknown}
 i - 3 potions of cancellation
 l - a potion of might
 o - 3 potions of curing
 q - a potion of ambrosia {unknown}
 z - 2 potions of restore abilities {unknown}
 G - 2 potions of flight
 K - 3 potions of resistance {unknown}
Comestibles
 c - 3 meat rations
 t - 4 beef jerkies
 u - 6 bread rations
 x - a fruit


   Skills:
 - Level 3.6 Fighting
 + Level 9.9 Axes
 + Level 7.2 Throwing
 - Level 2.5 Armour
 - Level 1.5 Dodging


You had 7 spell levels left.
You didn't know any spells.

Dungeon Overview and Level Annotations

Branches:
Dungeon (6/15)
 Temple: D:4-7

Altars:
Gozag
Makhleb
Nemelex Xobeh
Sif Muna
Trog

Shops:
D:4 }


Message History

The orc wizard seems to speed up.
The orc priest invokes the aid of Beogh against you.
Something smites you!
The orc priest's eyes start to glow.
The orc wizard mumbles some strange words.
The orc wizard seems to speed up.
The orc wizard points at you and mumbles some strange words.
The puff of frost hits you!
There is a stone staircase leading down here.
The orc wizard points at you and mumbles some strange words.
The magic dart hits you!
* * * LOW HITPOINT WARNING * * *
The orc wizard casts a spell.
The orc wizard blinks!
The orc wizard gestures at you while chanting.
The puff of flame hits you!
* * * LOW HITPOINT WARNING * * *
The orc wizard gestures at you while chanting.
The puff of frost hits you!
You die...

###.#######
..........#
####.####<#
###.#####.###
#...........# #
#.#.#####.#..
#.##.#.# #......#
####@### #.#
#######.###
#.........# #######
##.......o>###.....#
........o....).....#
........o..........#
............#......#
##........###......#


You could see 3 orc wizards.

Vanquished Creatures
  Menkaure (D:5)
  Sigmund (D:5)
  3 ogres (D:5)
  2 scorpions (D:4)
  2 iguanas
  A hound (D:5)
  A giant frog zombie (D:5)
  8 orc wizards
  Natasha (thrice) (D:3)
  4 worker ants
  Ijyb (D:4)
  Jessica (D:2)
  A hound zombie (D:5)
  Terence (D:3)
  8 adders
  4 gnolls (D:5)
  2 shadow imps
  2 worms
  21 orcs
  6 giant cockroaches
  9 hobgoblins
  5 jackals (D:2)
  2 quokkas
  A ball python (D:3)
  A ball python skeleton (D:4)
  13 bats
  A giant gecko skeleton (D:5)
  3 giant newts
  7 goblins
  9 kobolds
  12 rats
136 creatures vanquished.

Notes
Turn   | Place    | Note
--------------------------------------------------------------
     0 | D:1      | abixa, the Hill Orc Berserker, began the quest for the Orb.
     0 | D:1      | Reached XP level 1. HP: 19/19 MP: 1/1
     6 | D:1      | Noticed a basilisk
     6 | D:1      | Noticed a queen ant
     6 | D:1      | Noticed a hell rat
     6 | D:1      | Noticed a yaktaur
   162 | D:1      | Reached skill level 1 in Throwing
   221 | D:1      | Reached XP level 2. HP: 19/26 MP: 2/2
   443 | D:1      | Acquired Trog's second power
   780 | D:2      | Reached XP level 3. HP: 31/31 MP: 3/3
   819 | D:2      | Noticed Jessica
   832 | D:2      | Killed Jessica
  1061 | D:2      | Reached XP level 4. HP: 12/39 MP: 4/4
  1211 | D:2      | Reached skill level 5 in Axes
  1866 | D:3      | Reached XP level 5. HP: 42/45 MP: 5/5
  1942 | D:3      | Noticed Natasha
  1956 | D:3      | Killed Natasha
  2066 | D:3      | Found a deep blue altar of Sif Muna.
  2143 | D:3      | Noticed Natasha
  2155 | D:3      | Killed Natasha
  2199 | D:3      | Noticed Natasha
  2206 | D:3      | Killed Natasha
  2267 | D:3      | Noticed Terence
  2286 | D:3      | Killed Terence
  2308 | D:3      | Found a sparkling altar of Nemelex Xobeh.
  2400 | D:3      | Reached skill level 6 in Axes
  2439 | D:3      | Found a bloodstained altar of Trog.
  2505 | D:3      | Acquired Trog's third power
  2910 | D:4      | Reached XP level 6. HP: 47/51 MP: 6/6
  3112 | D:4      | Noticed Ijyb
  3138 | D:4      | Killed Ijyb
  3279 | D:4      | Found Pidool's Gadget Boutique.
  3546 | D:4      | Reached skill level 7 in Axes
  3616 | D:4      | Reached XP level 7. HP: 44/57 MP: 7/7
  3701 | D:4      | Reached skill level 5 in Throwing
  4316 | D:5      | Entered Level 5 of the Dungeon
  4322 | D:5      | Reached skill level 8 in Axes
  4757 | D:5      | Noticed Menkaure
  4762 | D:5      | Reached XP level 8. HP: 53/64 MP: 8/8
  4773 | D:5      | Killed Menkaure
  4773 | D:5      | Reached skill level 9 in Axes
  4833 | D:5      | Found a sparkling altar of Nemelex Xobeh.
  4833 | D:5      | Found an opulent altar of Gozag.
  4941 | D:5      | Found a burning altar of Makhleb.
  5016 | D:5      | Noticed Sigmund
  5035 | D:5      | Killed Sigmund
  5573 | D:6      | Killed from afar by an orc wizard

Action                   |  1- 3 |  4- 6 |  7- 9 || total
-------------------------+-------+-------+-------++-------
Melee: Hand axe          |   113 |   287 |   240 ||   640
Throw: Stone             |    37 |    89 |    15 ||   141
       Tomahawk          |       |       |     8 ||     8
Invok: Berserk           |       |     3 |     4 ||     7
       Trog's Hand       |       |       |     1 ||     1
  Use: Scroll            |       |       |     5 ||     5
  Eat: Chunk             |       |    11 |    11 ||    22
